SAA
PROVIDENCE PILGRIMS @ ST. PETERSBURG THUNDER
08/25/2042
 
TOP OF THE 1ST
Providence Pilgrims batting - Pitching for St. Petersburg Thunder : RHP Héctor Marroquín
Pitching: RHP Héctor Marroquín
Batting: LHB David Davis 0-0: Ball
1-0: Ball
2-0: Ball
3-0: Base on Balls
Batting: RHB Keith Lynn 0-0: Called Strike
David Davis steals 2nd base
0-1: Foul Ball, location: 2F
0-2: Foul Ball, location: 2F
0-2: Ground out 4-3 (Groundball, 4M, EV 76.2 MPH)
David Davis to third
Batting: LHB César Valtez 0-0: Foul Ball, location: 2F
0-1: Ball
1-1: Ground out 4-3 (Groundball, 4, EV 85.0 MPH)
David Davis scores
Batting: RHB Gabriel Méndez 0-0: Ball
1-0: Ground out 1-3 (Groundball, 15, EV 86.2 MPH)
Top of the 1st over - 1 run, 0 hits, 0 errors, 0 left on base; Providence 1 - St. Petersburg 0
BOTTOM OF THE 1ST
St. Petersburg Thunder batting - Pitching for Providence Pilgrims : RHP Jorge García
Pitching: RHP Jorge García
Batting: LHB Lorenzo Ortíz 0-0: Swinging Strike
0-1: Foul Ball, location: 2F
0-2: Strikes out swinging
Batting: LHB Caspar Fewings 0-0: Called Strike
0-1: Ball
1-1: SINGLE (Groundball, 34D, EV 109.4 MPH)
Batting: SHB Fernando Urby 0-0: Called Strike
0-1: Ball
1-1: Ball
2-1: Called Strike
2-2: Ball
Caspar Fewings steals 2nd base
3-2: Ground out 6-3 (Groundball, 6, EV 81.2 MPH)
Caspar Fewings to third
Batting: RHB António Hierro 0-0: Ball
1-0: Ball
2-0: DOUBLE (Line Drive, 7D, EV 88.8 MPH)
Caspar Fewings scores
Batting: RHB John Crosby 0-0: SINGLE (Groundball, 3D, EV 105.6 MPH)
António Hierro to third
Batting: RHB Gene Blanton 0-0: Ball
1-0: Foul Ball, location: 2F
1-1: Fly out, F8 (Flyball, 8LS, EV 85.6 MPH)
Bottom of the 1st over - 1 run, 3 hits, 0 errors, 2 left on base; Providence 1 - St. Petersburg 1
TOP OF THE 2ND
Providence Pilgrims batting - Pitching for St. Petersburg Thunder : RHP Héctor Marroquín
Batting: RHB Chris Hall 0-0: Ball
1-0: Ball
2-0: Called Strike
2-1: Ball
3-1: Fly out, F7 (Flyball, 78M, EV 90.6 MPH)
Batting: RHB Carlos González 0-0: Called Strike
0-1: Foul Ball, location: 2F
0-2: Ball
1-2: Ball
2-2: Fly out, F9 (Flyball, 9LS, EV 83.1 MPH)
Batting: RHB Julián Vélez 0-0: SINGLE (Line Drive, 89S, EV 106.9 MPH)
Batting: RHB Gilberto Ortíz 0-0: Ground out 1-3 (Groundball, 34S, EV 86.9 MPH)
Top of the 2nd over - 0 runs, 1 hit, 0 errors, 1 left on base; Providence 1 - St. Petersburg 1
BOTTOM OF THE 2ND
St. Petersburg Thunder batting - Pitching for Providence Pilgrims : RHP Jorge García
Batting: RHB Alfred Coleman 0-0: Called Strike
0-1: Swinging Strike
0-2: Foul Ball, location: 2F
0-2: Ball
1-2: Ground out 4-3 (Groundball, 4S, EV 91.9 MPH)
Batting: RHB Curtis Tiger 0-0: Ball
1-0: Ball
2-0: Called Strike
2-1: Swinging Strike
2-2: Foul Ball, location: 2F
2-2: Ball
3-2: Foul Ball, location: 2F
3-2: Base on Balls
Batting: SHB Leonard Davis 0-0: Ball
1-0: Foul Ball, location: 2F
1-1: Foul Ball, location: 2F
1-2: Strikes out swinging
Batting: LHB Lorenzo Ortíz 0-0: Called Strike
0-1: Fly out, F9 (Flyball, 89S, EV 76.9 MPH)
Bottom of the 2nd over - 0 runs, 0 hits, 0 errors, 1 left on base; Providence 1 - St. Petersburg 1
TOP OF THE 3RD
Providence Pilgrims batting - Pitching for St. Petersburg Thunder : RHP Héctor Marroquín
Batting: RHB Jesse McCoy 0-0: Ground out 6-3 (Groundball, 6, EV 98.8 MPH)
Batting: LHB David Davis 0-0: Foul Ball, location: 2F
0-1: Ball
1-1: Ball
2-1: Swinging Strike
2-2: Ground out 1-3 (Groundball, 15S, EV 65.6 MPH)
Batting: RHB Keith Lynn 0-0: Foul Ball, location: 2F
0-1: Ball
1-1: Ball
2-1: Ground out 5-3 (Groundball, 56S, EV 73.1 MPH)
Top of the 3rd over - 0 runs, 0 hits, 0 errors, 0 left on base; Providence 1 - St. Petersburg 1
BOTTOM OF THE 3RD
St. Petersburg Thunder batting - Pitching for Providence Pilgrims : RHP Jorge García
Batting: LHB Caspar Fewings 0-0: SINGLE (Line Drive, 8LS, EV 101.2 MPH)
Batting: SHB Fernando Urby 0-0: Foul Ball, location: 2F
0-1: Grounds into double play, 4-6-3 (Groundball, 4, EV 90.6 MPH)
Batting: RHB António Hierro 0-0: Swinging Strike
0-1: Swinging Strike
0-2: Ball
1-2: Ball
2-2: Ground out 6-3 (Groundball, 6, EV 86.2 MPH)
Bottom of the 3rd over - 0 runs, 1 hit, 0 errors, 0 left on base; Providence 1 - St. Petersburg 1
TOP OF THE 4TH
Providence Pilgrims batting - Pitching for St. Petersburg Thunder : RHP Héctor Marroquín
Batting: LHB César Valtez 0-0: Called Strike
0-1: Foul Ball, location: 2F
0-2: Ball
1-2: Ball
2-2: SINGLE (Flyball, 5D, EV 91.2 MPH)
Batting: RHB Gabriel Méndez 0-0: Fielders Choice at 2nd, 4-6 (Groundball, 4, EV 91.2 MPH)
Batting: RHB Chris Hall 0-0: Called Strike
0-1: Foul Ball, location: 2F
0-2: Foul Ball, location: 2F
0-2: Foul Ball, location: 2F
0-2: Ball
1-2: Ground out 6-3 (Groundball, 6S, EV 61.9 MPH)
Gabriel Méndez to second
Batting: RHB Carlos González 0-0: Called Strike
0-1: Ball
1-1: Ball
2-1: SINGLE (Line Drive, 4D, EV 98.1 MPH)
Gabriel Méndez to third
Runner from 3rd tries for Home, SAFE, no throw by CF
Batting: RHB Julián Vélez 0-0: Ball
1-0: Fly out, F8 (Line Drive, 8RD, EV 97.5 MPH)
Top of the 4th over - 1 run, 2 hits, 0 errors, 1 left on base; Providence 2 - St. Petersburg 1
BOTTOM OF THE 4TH
St. Petersburg Thunder batting - Pitching for Providence Pilgrims : RHP Jorge García
Batting: RHB John Crosby 0-0: Swinging Strike
0-1: Fly out, F9 (Flyball, 9LS, EV 75.6 MPH)
Batting: RHB Gene Blanton 0-0: SINGLE (Groundball, 56D, EV 99.4 MPH)
Batting: RHB Alfred Coleman 0-0: Ball
Gene Blanton is caught stealing 2nd base 2-4
1-0: Ball
2-0: Called Strike
2-1: Foul Ball, location: 2F
2-2: TRIPLE (Flyball, 9D, EV 93.1 MPH)
Batting: RHB Curtis Tiger 0-0: Ground out 5-3 (Groundball, 56S, EV 92.5 MPH)
Bottom of the 4th over - 0 runs, 2 hits, 0 errors, 1 left on base; Providence 2 - St. Petersburg 1
TOP OF THE 5TH
Providence Pilgrims batting - Pitching for St. Petersburg Thunder : RHP Héctor Marroquín
Batting: RHB Gilberto Ortíz 0-0: Ball
1-0: Ground out 4-3 (Groundball, 34, EV 96.9 MPH)
Batting: RHB Jesse McCoy 0-0: Fly out, F8 (Flyball, 89D, EV 75.6 MPH)
Batting: LHB David Davis 0-0: Ball
1-0: Fly out, F8 (Flyball, 8LD, EV 100.6 MPH)
Top of the 5th over - 0 runs, 0 hits, 0 errors, 0 left on base; Providence 2 - St. Petersburg 1
BOTTOM OF THE 5TH
St. Petersburg Thunder batting - Pitching for Providence Pilgrims : RHP Jorge García
Batting: SHB Leonard Davis 0-0: Ball
1-0: SINGLE (Groundball, 4D, EV 103.1 MPH)
Batting: LHB Lorenzo Ortíz 0-0: Ball
1-0: Bunted foul
1-1: Ball
2-1: Sac Bunt to 23 - play at first, batter OUT! 3-4
Leonard Davis to second
Batting: LHB Caspar Fewings 0-0: Ball
1-0: Swinging Strike
1-1: Fly out, F9 (Flyball, 9D, EV 104.4 MPH)
Runner from 2nd tags up, SAFE at 3rd, no throw by RF
Batting: SHB Fernando Urby 0-0: SINGLE (Groundball, 4D, EV 98.8 MPH)
Leonard Davis scores
Batting: RHB António Hierro 0-0: Swinging Strike
0-1: Fly out, F8 (Flyball, 8LD, EV 90.6 MPH)
Bottom of the 5th over - 1 run, 2 hits, 0 errors, 1 left on base; Providence 2 - St. Petersburg 2
TOP OF THE 6TH
Providence Pilgrims batting - Pitching for St. Petersburg Thunder : RHP Héctor Marroquín
Batting: RHB Keith Lynn 0-0: Swinging Strike
0-1: Called Strike
0-2: Foul Ball, location: 2F
0-2: Ball
1-2: Ball
2-2: Ball
3-2: Base on Balls
Batting: LHB César Valtez 0-0: SINGLE (Line Drive, 8LS, EV 103.8 MPH)
Keith Lynn to second
Batting: RHB Gabriel Méndez 0-0: Ball
1-0: Ball
2-0: Called Strike
2-1: Foul Ball, location: 2F
2-2: Ball
3-2: Fly out, F9 (Flyball, 89M, EV 87.5 MPH)
Batting: RHB Chris Hall 0-0: Fly out, F8 (Flyball, 8RS, EV 93.1 MPH)
Batting: RHB Carlos González 0-0: Called Strike
0-1: Foul Ball, location: 2F
0-2: Ground out 6-3 (Groundball, 6S, EV 81.2 MPH)
Top of the 6th over - 0 runs, 1 hit, 0 errors, 2 left on base; Providence 2 - St. Petersburg 2
BOTTOM OF THE 6TH
St. Petersburg Thunder batting - Pitching for Providence Pilgrims : RHP Jorge García
Batting: RHB John Crosby 0-0: SINGLE (Groundball, 56, EV 100.6 MPH) (infield hit)
Batting: RHB Gene Blanton 0-0: Bunted foul
0-1: Sac Bunt to 2L - play at first, batter OUT! 2-4
John Crosby to second
Batting: RHB Alfred Coleman 0-0: Ball
1-0: SINGLE (Line Drive, 34, EV 99.4 MPH)
John Crosby to third
Batting: RHB Curtis Tiger 0-0: Swinging Strike
0-1: Called Strike
0-2: Strikes out looking
Batting: SHB Leonard Davis 0-0: Foul Ball, location: 2F
0-1: Foul Ball, location: 2F
0-2: Ball
1-2: Foul Ball, location: 2F
1-2: Strikes out looking
Bottom of the 6th over - 0 runs, 2 hits, 0 errors, 2 left on base; Providence 2 - St. Petersburg 2
TOP OF THE 7TH
Providence Pilgrims batting - Pitching for St. Petersburg Thunder : RHP Héctor Marroquín
Batting: RHB Julián Vélez 0-0: Ball
1-0: SINGLE (Groundball, 4MD, EV 103.1 MPH)
Batting: RHB Gilberto Ortíz 0-0: Sac Bunt to 23 - play at first, batter OUT! 3-4
Julián Vélez to second
Batting: RHB Jesse McCoy 0-0: Called Strike
0-1: Called Strike
0-2: Ball
1-2: Ground out 6-3 (Groundball, 6, EV 83.8 MPH)
Batting: LHB David Davis 0-0: Foul Ball, location: 2F
0-1: Ground out 4-3 (Groundball, 4, EV 86.9 MPH)
Top of the 7th over - 0 runs, 1 hit, 0 errors, 1 left on base; Providence 2 - St. Petersburg 2
BOTTOM OF THE 7TH
St. Petersburg Thunder batting - Pitching for Providence Pilgrims : RHP Jorge García
Batting: LHB Lorenzo Ortíz 0-0: SINGLE (Line Drive, 34D, EV 110.0 MPH)
Batting: LHB Caspar Fewings 0-0: Called Strike
0-1: Ball
1-1: Ball
2-1: DOUBLE (Line Drive, 9LM, EV 91.2 MPH)
Lorenzo Ortíz to third
Runner from 3rd tries for Home, SAFE, no throw by RF
Batting: SHB Fernando Urby 0-0: Ball
Wild Pitch!
Caspar Fewings to third
1-0: Called Strike
1-1: Foul Ball, location: 2F
1-2: Ball
2-2: Ground out 4-3 (Groundball, 4S, EV 83.1 MPH)
Batting: RHB António Hierro 0-0: Ball
1-0: Called Strike
1-1: Foul Ball, location: 2F
1-2: Ground out 1-3 (Groundball, 34S, EV 87.5 MPH)
Pitching: RHP Lúcio Salas
Batting: RHB John Crosby 0-0: Called Strike
0-1: Ball
1-1: Ball
2-1: Fly out, F8 (Flyball, 8RS, EV 94.4 MPH)
Bottom of the 7th over - 1 run, 2 hits, 0 errors, 1 left on base; Providence 2 - St. Petersburg 3
TOP OF THE 8TH
Providence Pilgrims batting - Pitching for St. Petersburg Thunder : RHP Héctor Marroquín
Batting: RHB Keith Lynn 0-0: Ball
1-0: SINGLE (Line Drive, 7S, EV 111.9 MPH)
Batting: LHB César Valtez 0-0: Ball
1-0: Ball
2-0: Swinging Strike
2-1: Swinging Strike
2-2: SINGLE (Groundball, 3D, EV 98.1 MPH)
Keith Lynn to second
Runner from 2nd tries for 3rd, SAFE, no throw by RF
Pitching: LHP Benny Berry
Batting: RHB Gabriel Méndez 0-0: Ball
1-0: Foul Ball, location: 2F
1-1: Foul Ball, location: 2F
1-2: Strikes out swinging
Batting: RHB Chris Hall 0-0: Called Strike
0-1: Ball
1-1: Called Strike
1-2: Strikes out looking
Batting: RHB Carlos González 0-0: Ball
1-0: Ball
2-0: Fly out, F7 (Flyball, 7, EV 93.1 MPH)
Top of the 8th over - 0 runs, 2 hits, 0 errors, 2 left on base; Providence 2 - St. Petersburg 3
BOTTOM OF THE 8TH
St. Petersburg Thunder batting - Pitching for Providence Pilgrims : RHP Lúcio Salas
Batting: RHB Gene Blanton 0-0: Fly out, F8 (Flyball, 78D, EV 105.6 MPH)
Batting: RHB Alfred Coleman 0-0: Called Strike
0-1: Ball
1-1: SINGLE (Line Drive, 78S, EV 110.6 MPH)
Batting: RHB Curtis Tiger 0-0: Ball
1-0: Fly out, F8 (Flyball, 8RS, EV 84.4 MPH)
Batting: SHB Leonard Davis 0-0: Ball
1-0: Foul Ball, location: 2F
1-1: Foul Ball, location: 2F
1-2: Ground out 3-1 (Groundball, 3L, EV 93.8 MPH)
Bottom of the 8th over - 0 runs, 1 hit, 0 errors, 1 left on base; Providence 2 - St. Petersburg 3
TOP OF THE 9TH
Providence Pilgrims batting - Pitching for St. Petersburg Thunder : LHP Benny Berry
Batting: RHB Julián Vélez 0-0: SINGLE (Groundball, 56, EV 103.1 MPH) (infield hit)
Batting: RHB Gilberto Ortíz 0-0: Sac Bunt to 13S - play at first, batter OUT! 1-4
Julián Vélez to second
Batting: RHB Jesse McCoy 0-0: Ball
1-0: Called Strike
1-1: Ball
2-1: Foul Ball, location: 2F
2-2: Foul Ball, location: 2F
2-2: Strikes out swinging
Pinch Hitting: RHB Frank Ray 0-0: Called Strike
0-1: SINGLE (Groundball, 4M, EV 102.5 MPH) (infield hit)
Julián Vélez to third
Batting: RHB Keith Lynn 0-0: SINGLE (Groundball, 6, EV 75.6 MPH) (infield hit)
Julián Vélez scores
Frank Ray to second
Batting: LHB César Valtez 0-0: Ball
1-0: Called Strike
1-1: SINGLE (Flyball, 89M, EV 95.6 MPH)
Frank Ray to third
Keith Lynn to second
Runner from 3rd tries for Home, throw by RF and OUT! 9-2
Top of the 9th over - 1 run, 4 hits, 0 errors, 2 left on base; Providence 3 - St. Petersburg 3
BOTTOM OF THE 9TH
St. Petersburg Thunder batting - Pitching for Providence Pilgrims : RHP Lúcio Salas
Now in RF: Frank Ray
Batting: LHB Lorenzo Ortíz 0-0: Foul Ball, location: 2F
0-1: Foul Ball, location: 2F
0-2: Foul Ball, location: 2F
0-2: Foul Ball, location: 2F
0-2: Ball
1-2: Foul Ball, location: 2F
1-2: Fly out, F7 (Line Drive, 7, EV 92.5 MPH)
Batting: LHB Caspar Fewings 0-0: Ball
1-0: Called Strike
1-1: Swinging Strike
1-2: Strikes out swinging
Batting: SHB Fernando Urby 0-0: Fly out, F8 (Flyball, 8LXD, EV 95.0 MPH)
Bottom of the 9th over - 0 runs, 0 hits, 0 errors, 0 left on base; Providence 3 - St. Petersburg 3
TOP OF THE 10TH
Providence Pilgrims batting - Pitching for St. Petersburg Thunder : LHP Benny Berry
Pitching: RHP Lester Broughton
Batting: RHB Gabriel Méndez 0-0: Foul Ball, location: 2F
0-1: Swinging Strike
0-2: Strikes out swinging
Batting: RHB Chris Hall 0-0: Fly out, F3 (Flyball, 34D, EV 85.6 MPH)
Batting: RHB Carlos González 0-0: Ball
1-0: Called Strike
1-1: Ball
2-1: Ball
3-1: Called Strike
3-2: Foul Ball, location: 2F
3-2: Fly out, F3 (Popup, 3SF, EV 85.6 MPH)
Top of the 10th over - 0 runs, 0 hits, 0 errors, 0 left on base; Providence 3 - St. Petersburg 3
BOTTOM OF THE 10TH
St. Petersburg Thunder batting - Pitching for Providence Pilgrims : RHP Lúcio Salas
Pitching: RHP Phat Tra
Batting: RHB António Hierro 0-0: Foul Ball, location: 2F
0-1: Called Strike
0-2: Ball
1-2: SINGLE (Flyball, 89S, EV 87.5 MPH)
Batting: RHB John Crosby 0-0: Ball
1-0: Swinging Strike
1-1: Swinging Strike
1-2: Foul Ball, location: 2F
1-2: Ball
2-2: Fielders Choice at 2nd, 5-4 (Groundball, 25, EV 83.8 MPH)
Batting: RHB Gene Blanton 0-0: Called Strike
0-1: Swinging Strike
0-2: DOUBLE (Line Drive, 3D, EV 96.9 MPH)
John Crosby to third
Batting: RHB Alfred Coleman 0-0: Called Strike
0-1: Ball
1-1: Fly out, F7 (Flyball, 7, EV 95.6 MPH)
Batting: RHB Curtis Tiger 0-0: Ball
1-0: Called Strike
1-1: Ball
2-1: Foul Ball, location: 2F
2-2: Strikes out swinging
Bottom of the 10th over - 0 runs, 2 hits, 0 errors, 2 left on base; Providence 3 - St. Petersburg 3
TOP OF THE 11TH
Providence Pilgrims batting - Pitching for St. Petersburg Thunder : RHP Lester Broughton
Batting: RHB Julián Vélez 0-0: SINGLE (Groundball, 56D, EV 98.8 MPH)
Batting: RHB Gilberto Ortíz 0-0: Sac Bunt to 13S - play at first, batter OUT! 1-4
Julián Vélez to second
Pinch Hitting: RHB Allen Kelley 0-0: Ground out 5-3 (Groundball, 56S, EV 85.0 MPH)
Batting: RHB Frank Ray 0-0: Ground out 6-3 (Groundball, 6, EV 100.0 MPH)
Top of the 11th over - 0 runs, 1 hit, 0 errors, 1 left on base; Providence 3 - St. Petersburg 3
BOTTOM OF THE 11TH
St. Petersburg Thunder batting - Pitching for Providence Pilgrims : RHP Phat Tra
Now at SS: Mario Ramírez
Batting: SHB Leonard Davis 0-0: Foul Ball, location: 2F
0-1: Ball
1-1: Ball
2-1: Swinging Strike
2-2: SINGLE (Groundball, 34D, EV 102.5 MPH)
Batting: LHB Lorenzo Ortíz 0-0: Bunt - Flyout to 15S! F1
Batting: LHB Caspar Fewings 0-0: Foul Ball, location: 2F
0-1: Foul Ball, location: 2F
0-2: Strikes out looking
Leonard Davis steals 2nd base
Batter strikes out.
Batting: SHB Fernando Urby 0-0: SINGLE (Groundball, 56D, EV 98.8 MPH)
Leonard Davis to third
Runner from 3rd tries for Home, SAFE, no throw by LF
Friday, March 26th, 2021 - OOTP Baseball 20.8 Build 74